 Dungeon Crawl Stone Soup version 0.29-a0-994-gc5c9f59d18 (webtiles) character file.

Game seed: 10197110856413995322

16 vurker the Shooter (level 2, 13/25 HPs)
             Began as a Minotaur Hunter on Aug 3, 2022.
             Was a Follower of Trog.
             Quit the game on level 2 of the Dungeon.
             The game lasted 00:00:33 (738 turns).

vurker the Shooter (Minotaur Hunter)                 Turns: 738, Time: 00:00:34

Health: 13/25      AC:  3    Str: 15    XL:     2   Next: 41%
Magic:  1/1        EV: 12    Int:  6    God:    Trog [*.....]
Gold:   37         SH:  0    Dex: 13    Spells: 1/1 levels left

rFire   . . .      SeeInvis .   a - +0 shortbow
rCold   . . .      Faith    .   (shield currently unavailable)
rNeg    . . .      Spirit   .   c - +0 leather armour
rPois   .          Reflect  .   (helmet restricted)
rElec   .          Harm     .   (no cloak)
rCorr   .          Rampage  .   (no gloves)
Will    .....                   (no boots)
Stlth   +.........              (no amulet)
HPRegen 0.08/turn               (no ring)
MPRegen 0.07/turn               (no ring)

@: mildly poisoned (13 -> 12)
A: horns 2, retaliatory headbutt
a: Renounce Religion, Berserk


You were on level 2 of the Dungeon.
You worshipped Trog.
Trog was aware of your devotion.
You visited 1 branch of the dungeon, and saw 2 of its levels.

You collected 37 gold pieces.

Inventory:

Hand Weapons
 a - a +0 shortbow (weapon)
Armour
 c - a +0 leather armour (worn)
Jewellery
 k - a ring of fire
   (You found it on level 1 of the Dungeon)
Scrolls
 b - a scroll of immolation
 d - 2 scrolls of fog {unknown}
 g - a scroll of enchant weapon {unknown}
 i - a scroll of torment {unknown}
 j - a scroll of fear {unknown}
Potions
 e - a potion of heal wounds {unknown}
 f - a potion of curing {unknown}
 h - a potion of ambrosia {unknown}


   Skills:
 + Level 2.9 Fighting
 * Level 4.9 Ranged Weapons
 - Level 2.1 Dodging
 - Level 0.7 Stealth


You had one spell level left.
You didn't know any spells.
Your spell library contained the following spells:

 Spells                   Type           Power      Damage    Failure   Level
 Iskenderun's Battlesphe  Conj           0%         2d6       100%        5
 Iron Shot                Conj/Erth      0%         9d1       100%        6
 Spellforged Servitor     Conj/Summ      0%         N/A       100%        7


Dungeon Overview and Level Annotations

Branches:
Dungeon (2/15)

Altars:
Trog


Innate Abilities, Weirdness & Mutations

You have a pair of horns on your head.
You reflexively headbutt those who attack you in melee.


Message History

The frilled lizard hisses angrily.
Found a dagger and a robe.
Found a faded altar of an unknown god.
Found an escape hatch in the ceiling.
Found a stone staircase leading up.
There is a stone staircase leading up here.
There are monsters nearby!
You shoot an arrow.
The arrow completely misses the frilled lizard.
You shoot an arrow. The arrow misses the bat.
The bat hits you but does no damage. The bat closely misses you.
You furiously retaliate!
You headbutt the bat, but do no damage. You shoot an arrow.
The arrow hits the bat but does no damage.
The bat hits you but does no damage. The bat misses you.
You shoot an arrow. The arrow hits the frilled lizard.
You kill the frilled lizard!
The bat hits you but does no damage.
You shoot an arrow. The arrow barely misses the bat.
The bat closely misses you. You furiously retaliate!
You headbutt the bat!
You kill the bat!
No reachable target in view!
No reachable target in view!
No reachable target in view!
No reachable target in view!
Found 8 gold pieces.
The adder hisses angrily.
You see here a frilled lizard corpse.
There is a faded altar of an unknown god here.
You cannot tell which god this altar belongs to.
Convert to them anyway?
Trog accepts your prayer! Trog welcomes you!
You can now go berserk at will.
You see here a frilled lizard corpse.
There is a stone staircase leading up here.
You shoot an arrow. The arrow hits the adder!
The adder closely misses you.
You shoot an arrow. The arrow completely misses the adder.
The adder bites you.
You are poisoned.
The adder poisons you! The adder bites you.
You shoot an arrow. The arrow completely misses the adder.
You feel sick. The adder bites you but does no damage.
The adder closely misses you.
You shoot an arrow. The arrow closely misses the adder.
You feel sick. The adder barely misses you.
You shoot an arrow. The arrow hits the adder.
You feel sick. The adder closely misses you. x2
You shoot an arrow. The arrow hits the adder.
You kill the adder!
Trog accepts your kill.
You feel sick.
You have reached level

2! ## ## #. .#
#.##.##
###.....###
.##.........##
....#######..##
#...#.....#....
#....).@†......
#..#.#.†.#.#...
#..#..._.^.#..#
#..#.<...<.#.$#
#..#...#...#..#
##.##.. ..##.##
#..### ###[.#
##... ....#
#... ....#


There were no monsters in sight!

Vanquished Creatures
  An adder (D:2)
  A kobold (D:1)
  3 bats
  A frilled lizard (D:2)
  4 rats (D:1)
10 creatures vanquished.

Notes
Turn   | Place    | Note
-------+----------+-------------------------------------------
     0 | D:1      | vurker the Minotaur Hunter began the quest for the Orb.
     0 | D:1      | Reached XP level 1. HP: 18/18 MP: 0/0
   721 | D:2      | Found a faded altar of an unknown god.
   729 | D:2      | Prayed at the altar of an unknown god.
   729 | D:2      | Became a worshipper of Trog the Wrathful
   729 | D:2      | Reached * piety under Trog
   738 | D:2      | Reached XP level 2. HP: 13/25 MP: 1/1
   738 | D:2      | Quit the game

Illustrated notes

Levels and vault maps discovered:
D:1:      wander_arrival_estate, layout_loops_corners,
          chequers_hall_statues_corner_a
D:2:      layout_rooms, nicolae_ecumenical_pavilion, minmay_bisected

Action                   || total
-------------------------++-------
 Fire: Shortbow          ||    22
Armor: Leather armour    ||     4
Dodge: Dodged            ||     9

Table legend: (Time is in decaauts)
 A = Elapsed time spent in this place.
 B = Non-inter-level travel time spent in this place.
 C = Inter-level travel time spent in this place.
 D = Time resting spent in this place.
 E = Time spent auto-exploring this place.
 F = Levels seen in this place.
 G = Mean time per level.
                   A        B        C        D        E       F      G
               +--------+--------+--------+--------+--------+-----+--------+
         Total |    744 |    736 |      8 |      0 |    661 |   2 |  372.0 |
       Dungeon |    744 |    736 |      8 |      0 |    661 |   2 |  372.0 |
               +--------+--------+--------+--------+--------+-----+--------+

Top non-repeatable levels by time:
     D:1: 724 daAuts
     D:2: 20 daAuts
